 Dungeon Crawl Stone Soup version 0.19.5 (webtiles) character file.

6283 NTAmi the Magician (level 10, 0/81 HPs)
             Began as a Pale Draconian Ice Elementalist on Feb 25, 2017.
             Was a High Priest of Sif Muna.
             Slain by a six-headed hydra (9 damage)
             ... on level 10 of the Dungeon on Mar 4, 2017.
             The game lasted 02:09:05 (9420 turns).

NTAmi the Magician (DrIE)                           Turns: 9420, Time: 02:09:08

Health: 0/81       AC:  9    Str: 12    XL:     10   Next: 63%
Magic:  14/30      EV: 14    Int: 16    God:    Sif Muna [*****.]
Gold:   797        SH:  0    Dex: 13    Spells: 8 memorised, 7 levels left

rFire  . . .     SeeInvis +     V - +6 spear (venom)
rCold  . . .     Gourm    .     (armour unavailable)
rNeg   . . .     Faith    .     (no shield)
rPois  .         Spirit   .     (helmet restricted)
rElec  .         Reflect  .     g - +1 cloak
rCorr  .         Harm     .     (no gloves)
MR     .....     Clarity  +     (no boots)
Stlth  +++.......               (no amulet)
                                (no ring)
                                J - ring of magical power

@: about to teleport
A: breathe steam, unfitting armour, talons 1, see invisible, clarity, wild magic
1, cold-blooded, AC +7
a: Breathe Steam, Divine Energy, Channel Magic, Forget Spell, Renounce Religion


You were on level 10 of the Dungeon.
You worshipped Sif Muna.
Sif Muna was extremely pleased with you.
You were not hungry.

You visited 2 branches of the dungeon, and saw 12 of its levels.
You also visited: Ossuary.

You collected 797 gold pieces.

Inventory:

Hand Weapons
 h - a +0 hunting sling
 l - a +2 spear of pain
 R - a +0 rapier
 U - the +9 hunting sling "Leviticus" {speed, Dex+4}
   (You took it off an orc on level 5 of the Dungeon)

   Attacks with this weapon are significantly faster.
   It affects your dexterity (+4).
 V - a +6 spear of venom (weapon)
Missiles
 e - 2 poisoned tomahawks (quivered)
 j - 21 bolts
 x - 220 stones
 L - 60 sling bullets
Armour
 g - a +1 cloak (worn)
Jewellery
 J - a ring of magical power (left hand)
Wands
 r - a wand of teleportation (1/9)
 F - a wand of disintegration (18/24)
Scrolls
 f - a scroll of remove curse
 B - 3 scrolls of teleportation
Potions
 c - 5 potions of brilliance
 k - a potion of lignification
 q - 3 potions of flight
 s - 3 potions of might
 t - a potion of cancellation
 w - 2 potions of curing
 A - a potion of heal wounds
 C - 3 potions of mutation
Books
 K - Sif Muna's Guide on Supportive Attacks
   (Sif Muna gifted it to you on level 8 of the Dungeon)

   Spells                             Type                      Level
   a - Shock                          Conjuration/Air              1
   b - Force Lance                    Conjuration/Translocation    4
   c - Sticky Flame                   Conjuration/Fire             4
   d - Iskenderun's Mystic Blast      Conjuration                  4
   e - Summon Demon                   Summoning                    5
   f - Delayed Fireball               Conjuration/Fire             7
Comestibles
 a - 4 fruits
 b - 5 bread rations
 d - a royal jelly
 i - 5 chunks of flesh
 o - 6 meat rations
 G - 7 slices of pizza
 X - 3 beef jerkies


   Skills:
 + Level 5.0 Fighting
 + Level 3.2 Short Blades
 + Level 2.0 Polearms
 - Level 4.2(4.6) Slings
 + Level 2.8(4.0) Throwing
 + Level 4.4 Dodging
 + Level 4.5 Stealth
 + Level 3.1 Unarmed Combat
 * Level 7.7 Spellcasting
 + Level 3.7 Conjurations
 + Level 3.3 Charms
 * Level 2.2 Summonings
 + Level 3.4 Necromancy
 + Level 7.2 Ice Magic
 + Level 3.4 Invocations
 * Level 2.4 Evocations


You had 7 spell levels left.
You knew the following spells:

 Your Spells              Type           Power        Failure   Level  Hunger
a - Freeze                Ice            ####         1%          1    None
b - Ozocubu's Armour      Chrm/Ice       ####....     8%          3    ##.....
c - Throw Frost           Conj/Ice       ####..       3%          2    None
d - Throw Icicle          Conj/Ice       ####....     21%         4    ####...
e - Animate Skeleton      Necr           N/A          6%          1    None
f - Summon Small Mammal   Summ           ###.         10%         1    None
g - Iskenderun's Mystic   Conj           ###.....     36%         4    ####...
h - Shock                 Conj/Air       ###.         12%         1    None


Dungeon Overview and Level Annotations

Branches:
Dungeon (11/15)            Temple (1/1) D:5            Lair (0/6) D:8
    Orc: D:9-12

Altars:
Ashenzari
Cheibriados
Dithmenos
Elyvilon
Fedhas
Gozag
Hepliaklqana
Kikubaaqudgha
Makhleb
Nemelex Xobeh
Okawaru
Qazlal
Ru
Sif Muna
Trog
Uskayaw
Vehumet
Xom
Yredelemnul
Zin
The Shining One

Shops:
D:5 =   D:6 }

Annotations:
D:6 exclusion: oklob plant


Innate Abilities, Weirdness & Mutations

You can breathe blasts of scalding, opaque steam.
Your pale cyan-grey scales are hard. (AC +7)
You cannot fit into any form of body armour.
You are cold-blooded and may be slowed by cold attacks.
You have sharp toenails.
You have supernaturally acute eyesight. (SInv)
You possess an exceptional clarity of mind.
Your spells are a little harder to cast, but a little more powerful.


Message History

You freeze the six-headed hydra.
The six-headed hydra is severely wounded.
The six-headed hydra bites you!
The six-headed hydra bites you but does no damage.
The six-headed hydra bites you! The six-headed hydra misses you.
The six-headed hydra barely misses you. The six-headed hydra bites you.
As you read the scroll of teleportation, it crumbles to dust.
You feel strangely unstable. The six-headed hydra misses you.
The six-headed hydra completely misses you.
The six-headed hydra barely misses you. The six-headed hydra bites you.
The six-headed hydra barely misses you. The six-headed hydra bites you!
* * * LOW HITPOINT WARNING * * *
The six-headed hydra bites you.
* * * LOW HITPOINT WARNING * * *
The six-headed hydra closely misses you.
The six-headed hydra completely misses you.
The six-headed hydra bites you!
* * * LOW HITPOINT WARNING * * *
The six-headed hydra bites you!
You die...

#.#.# #.# #.### #.#.#
#.# #.# # #.#.# #.# #.#
# .####.#.######.#.# #.#
#
...............#.#####.#
# #
#####.#.########.......#
# #.#######.#..)Z..#
######### #
###$........######.#
......).......D@...#
####################


You could see a six-headed hydra.

Vanquished Creatures
  Pikel (D:8)
  Joseph (D:8)
  A hippogriff (D:7)
  A yak (D:7)
  A wyvern (D:10)
  Grum (D:8)
  3 hogs (D:7)
  A human (D:7)
  Menkaure (D:5)
  Duvessa (D:6)
  An orc warrior (D:8)
  3 phantoms
  5 ice beasts
  2 sky beasts
  2 wolves (D:8)
  2 centaurs
  6 ogres
  Blork the orc (D:6)
  A bullfrog (D:9)
  A gnoll sergeant (D:6)
  Dowan (D:6)
  3 scorpions
  A water moccasin skeleton (D:5)
  4 killer bees (D:8)
  3 wights (D:6)
  A howler monkey (D:9)
  4 crimson imps
  2 jellies
  A bullfrog zombie (D:8)
  3 hounds
  A bullfrog skeleton (D:6)
  6 orc priests
  11 orc wizards
  Crazy Yiuf (D:6)
  6 worker ants
  A big kobold zombie (Ossuary)
  A hound zombie (D:6)
  8 mummies (Ossuary)
  4 gnolls (D:6)
  9 adders
  A shadow imp (D:7)
  An ooze (D:5)
  3 adder skeletons
  A worm (D:3)
  A dart slug (D:3)
  2 leopard geckos
  18 orcs
  5 giant cockroaches
  A gnoll zombie (Ossuary)
  4 goblins
  5 hobgoblins
  9 jackals
  3 quokkas
  A ball python (D:7)
  9 bats
  7 frilled lizards
  4 hobgoblin zombies (Ossuary)
  9 kobolds
  A leopard gecko skeleton (D:5)
  2 orc zombies (Ossuary)
  A quokka zombie (D:5)
  8 rats
203 creatures vanquished.

Vanquished Creatures (collateral kills)
  A wolf (D:8)
  A centaur zombie (D:10)
  A hound (D:7)
3 creatures vanquished.

Vanquished Creatures (others)
  An iguana (D:5)
  A plant (D:6)
  12 toadstools (D:6)
14 creatures vanquished.

Grand Total: 220 creatures vanquished

Notes
Turn   | Place    | Note
-------+----------+-------------------------------------------
     0 | D:1      | NTAmi the Draconian Ice Elementalist began the quest for the Orb.
     0 | D:1      | Reached XP level 1. HP: 14/14 MP: 3/3
   213 | D:1      | Reached XP level 2. HP: 12/20 MP: 3/5
   684 | D:2      | Found a faded altar of an unknown god.
   702 | D:2      | Became a worshipper of Sif Muna the Loreminder
   702 | D:2      | Reached * piety under Sif Muna
   768 | D:2      | Reached XP level 3. HP: 24/26 MP: 3/6
  1191 | D:2      | Learned a level 3 spell: Ozocubu's Armour
  1649 | D:3      | Found an ancient bone altar of Kikubaaqudgha.
  1784 | D:3      | Reached XP level 4. HP: 33/33 MP: 8/8
  2102 | D:4      | Reached ** piety under Sif Muna
  2102 | D:4      | Reached XP level 5. HP: 26/38 MP: 6/10
  2506 | D:4      | Found a sparkling altar of Nemelex Xobeh.
  2509 | D:4      | Found a radiant altar of Vehumet.
  2613 | D:5      | Entered Level 5 of the Dungeon
  2699 | D:5      | Found a staircase to the Ecumenical Temple.
  2699 | D:5      | Noticed an ice beast
  2724 | D:4      | Gained mutation: You have sharp toenails. [potion of mutation]
  2724 | D:4      | Gained mutation: You possess an exceptional clarity of mind. [potion of mutation]
  2724 | D:4      | Gained mutation: You have supernaturally acute eyesight. (SInv) [potion of mutation]
  2725 | D:4      | Reached *** piety under Sif Muna
  2725 | D:4      | Reached skill level 5 in Spellcasting
  2725 | D:4      | Reached skill level 5 in Ice Magic
  2725 | D:4      | Reached XP level 6. HP: 24/51 MP: 11/13
  2788 | D:4      | Found a bloodstained altar of Trog.
  2788 | D:4      | Found a hazy altar of Hepliaklqana.
  2806 | D:4      | Learned a level 2 spell: Throw Frost
  2978 | D:5      | Found Gumnesik's Jewellery Boutique.
  3030 | D:5      | Found a stormy altar of Qazlal.
  3178 | D:5      | Reached skill level 1 in Polearms
  3178 | D:5      | Your scales start taking on a pale cyan-grey colour.
  3178 | D:5      | Reached XP level 7. HP: 42/57 MP: 14/14
  3433 | D:5      | Noticed Menkaure
  3642 | D:5      | Got a twisted hunting sling
  3652 | Temple   | Entered the Ecumenical Temple
  3747 | Temple   | Identified the +9 hunting sling "Leviticus" {speed, Dex+4} (You took it off an orc on level 5 of the Dungeon)
  3795 | Temple   | Gained mutation: Your spells are a little harder to cast, but a little more powerful. [potion of beneficial mutation]
  3801 | Temple   | Learned a level 4 spell: Throw Icicle
  3872 | D:5      | Reached XP level 8. HP: 63/63 MP: 16/16
  3900 | D:5      | Reached skill level 1 in Slings
  4178 | D:5      | Killed Menkaure
  4462 | D:6      | You fall through a shaft!
  4591 | D:8      | Found a staircase to the Lair.
  4603 | D:8      | Noticed Joseph
  5033 | D:8      | Killed Joseph
  5033 | D:8      | Reached XP level 9. HP: 47/71 MP: 17/17
  5077 | D:8      | Found a sand-covered staircase.
  5082 | Ossuary  | Entered an ossuary
  5479 | D:8      | Reached **** piety under Sif Muna
  5870 | D:6      | Noticed Blork the orc
  5901 | D:6      | Killed Blork the orc
  5979 | D:6      | Noticed Dowan
  5982 | D:6      | Noticed Duvessa
  6003 | D:6      | Killed Duvessa
  6009 | D:6      | Killed Dowan
  6120 | D:6      | Found a blossoming altar of Fedhas.
  6147 | D:6      | Noticed an oklob plant
  6248 | D:6      | Found Xedghisk's Gadget Shoppe.
  6508 | D:6      | Found a runed door.
  6512 | D:6      | Noticed Crazy Yiuf
  6521 | D:6      | Killed Crazy Yiuf
  6558 | D:6      | Learned a level 1 spell: Animate Skeleton
  6611 | Temple   | Upgraded the game from 0.19.4-10-g532645f to 0.19.5
  6659 | Temple   | Learned a level 1 spell: Summon Small Mammal
  7374 | D:7      | Reached XP level 10. HP: 72/80 MP: 13/20
  7441 | D:7      | Reached skill level 1 in Evocations
  7444 | D:7      | Reached ***** piety under Sif Muna
  7444 | D:7      | Reached skill level 1 in Summonings
  7528 | D:8      | Noticed Grum
  7686 | D:8      | Identified Sif Muna's Guide on Supportive Attacks (Sif Muna gifted it to you on level 8 of the Dungeon)
  7686 | D:8      | Received a gift from Sif Muna
  7693 | D:8      | Learned a level 4 spell: Iskenderun's Mystic Blast
  7999 | D:8      | Killed Grum
  8110 | D:8      | Noticed Pikel
  8122 | D:8      | Killed Pikel
  8422 | Temple   | Learned a level 1 spell: Shock
  8708 | D:10     | Entered Level 10 of the Dungeon
  9323 | D:10     | Reached skill level 5 in Fighting
  9400 | D:10     | Noticed a six-headed hydra
  9420 | D:10     | Slain by a six-headed hydra

Skill      XL: |  1  2  3  4  5  6  7  8  9 10 |
---------------+-------------------------------+-----
Stealth        | 2 4 |  4.5
Dodging        | 2 3 4 |  4.4
Spellcasting   | 3 5 6 7 |  7.7
Ice Magic      | 4 5 6 7 |  7.2
Fighting       | 3 4 5 |  5.0
Short Blades   | 3 |  3.2
Throwing       | 2 |  2.8
Unarmed Combat | 3 |  3.1
Conjurations   | 3 |  3.7
Charms         | 2 3 |  3.3
Necromancy     | 3 |  3.4
Invocations    | 3 |  3.4
Polearms       | 1 2 |  2.0
Slings         | 3 4 |  4.2
Evocations     | 2 |  2.4
Summonings     | 2 |  2.2

Action                   |  1- 3 |  4- 6 |  7- 9 | 10-12 || total
-------------------------+-------+-------+-------+-------++-------
Melee: Short sword       |    15 |       |       |       ||    15
       Spear             |    37 |    63 |    28 |     2 ||   130
       Tailslap          |     1 |     6 |     8 |     3 ||    18
       Kick              |       |     9 |    24 |    12 ||    45
       Punch             |       |     1 |     1 |       ||     2
       Dagger            |       |       |     3 |       ||     3
       Rapier            |       |       |    36 |    49 ||    85
 Fire: Hunting sling     |     2 |       |   234 |    25 ||   261
Throw: Stone             |    10 |     8 |       |       ||    18
       Tomahawk          |       |       |     2 |     3 ||     5
 Cast: Freeze            |    44 |    41 |    61 |    45 ||   191
       Ozocubu's Armour  |       |     4 |    14 |    12 ||    30
       Throw Frost       |       |     3 |     8 |     4 ||    15
       Throw Icicle      |       |       |     5 |     9 ||    14
       Animate Skeleton  |       |       |     2 |     9 ||    11
       Summon Small Mamm |       |       |     2 |     5 ||     7
       Iskenderun's Myst |       |       |       |     4 ||     4
       Shock             |       |       |       |     2 ||     2
 Abil: Breathe Steam     |       |       |     7 |     2 ||     9
Evoke: Wand              |       |       |     1 |       ||     1
  Use: Potion            |       |     5 |     2 |       ||     7
       Scroll            |       |     1 |    16 |     3 ||    20
 Stab: Sleeping          |     8 |     2 |     4 |     4 ||    18
  Eat: Chunk             |     3 |     3 |     6 |     6 ||    18
       Fruit             |       |     2 |     4 |     3 ||     9
       Beef jerky        |       |       |     1 |     1 ||     2
       Bread ration      |       |       |     1 |       ||     1
Armor: Skin              |    10 |    23 |    57 |    34 ||   124
Dodge: Dodged            |    37 |    41 |    82 |    60 ||   220
